 Dungeon Crawl Stone Soup version 0.27-a0-1301-g128193abf8 (webtiles) character file.

Game seed: 219179072607039528

19 quinnr the Caller (level 2, -1/15 HPs)
             Began as a Tengu Summoner on June 18, 2021.
             Slain by Natasha (7 damage)
             ... on level 2 of the Dungeon.
             The game lasted 00:07:11 (1960 turns).

quinnr the Caller (Tengu Summoner)                  Turns: 1960, Time: 00:07:12

Health: -1/15      AC:  2    Str:  8    XL:     2   Next: 75%
Magic:  0/6        EV: 12    Int: 15    God:
Gold:   42         SH:  0    Dex: 14    Spells: 2/5 levels left

rFire    . . .     SeeInvis .   (no weapon)
rCold    . . .     Faith    .   (no shield)
rNeg     . . .     Spirit   .   a - +0 robe
rPois    .         Reflect  .   (helmet restricted)
rElec    .         Harm     .   (no cloak)
rCorr    .         Rampage  .   (no gloves)
Will     .....                  (boots unavailable)
Stlth    ++........             d - amulet of regeneration
HPRegen  1.05/turn              (no ring)
MPRegen  0.10/turn              (no ring)

@: slowed, very slow
A: beak, talons 3
a: no special abilities


You were on level 2 of the Dungeon.
You visited 1 branch of the dungeon, and saw 2 of its levels.

You collected 42 gold pieces.

Inventory:

Armour
 a - a +0 robe (worn)
Jewellery
 d - an amulet of regeneration (around neck)
Scrolls
 b - a scroll of identify {unknown}
 c - a scroll of immolation {unknown}
 e - a scroll of noise {unknown}


   Skills:
 - Level 2.1 Dodging
 - Level 2.0 Stealth
 - Level 2.0 Spellcasting
 + Level 5.7 Summonings


You had 2 spell levels left.
You knew the following spells:

 Your Spells              Type           Power      Damage    Failure   Level
a - Summon Small Mammal   Summ           72%        N/A       1%          1
b - Call Imp              Summ           18%        N/A       3%          2

Your spell library contained the following spells:

 Spells                   Type           Power      Damage    Failure   Level
 Call Canine Familiar     Summ           18%        N/A       6%          3
 Summon Guardian Golem    Hex/Summ       10%        N/A       21%         3
 Summon Ice Beast         Ice/Summ       10%        N/A       56%         4
 Summon Lightning Spire   Summ/Air       10%        N/A       56%         4


Dungeon Overview and Level Annotations

Branches:
Dungeon (2/15)

Altars:

Annotations:
D:2 Natasha


Innate Abilities, Weirdness & Mutations

You have a beak for a mouth.
You have claws for feet.


Message History

You feel sick.
You start resting.
You feel sick. x2
You are no longer poisoned.
You start resting.
Magic restored.
You start resting.
Your shadow imp disappears in a puff of smoke!
Your crimson imp blinks!
Your crimson imp disappears in a puff of smoke!
Your white imp disappears in a puff of smoke!
HP restored.
d - an amulet of regeneration You start putting on your amulet.
You continue putting on your amulet of regeneration. x5
You finish putting on your amulet of regeneration.
The amulet throbs as it attunes itself to your uninjured body.
d - an amulet of regeneration (around neck)
e - a scroll labelled RUCUZX MADGHY Natasha, Servant of Life and Death comes into view.
Natasha hisses angrily.
Natasha is nearby!
A beastly little devil appears in a puff of flame.
Natasha stares at you and mumbles some strange words.
You feel yourself slow down.
Unknown command.
You swap places.
Natasha claws your crimson imp.
Unknown command.
A beastly little devil appears in a puff of flame.
Your crimson imp blinks!
A frilled lizard comes into view.
Unknown command.
Your crimson imp hits Natasha.
Your crimson imp hits Natasha but does no damage.
A beastly little devil appears in a puff of flame.
Natasha stares at you and mumbles some strange words.
The magic dart hits you!
Ouch! That really hurt!
Your crimson imp closely misses Natasha.
Your crimson imp hits Natasha.
Natasha claws you!
You die...

#....# #....# .....
#... #.. #.# #
#ยง#.###+#
#####.#......
#.5@h5.......
#########.###5##.....
........#.###........
........#.#..........
........#.#.###.l....
........#.#.# .#####
........#.#.# .#
##+#.#...# #
#..#.....#.


You could see Natasha (ally target), a frilled lizard and 3 friendly crimson
imps.

Vanquished Creatures
  A ball python (D:1)
1 creature vanquished.

Vanquished Creatures (collateral kills)
  An adder (D:2)
  2 bats (D:1)
  An endoplasm (D:1)
  A giant cockroach (D:1)
  A goblin (D:2)
  2 hobgoblins (D:1)
  A quokka (D:1)
  2 ball pythons (D:1)
  2 frilled lizards (D:1)
  3 kobolds (D:1)
  3 rats
19 creatures vanquished.

Grand Total: 20 creatures vanquished

Notes
Turn   | Place    | Note
-------+----------+-------------------------------------------
     0 | D:1      | quinnr the Tengu Summoner began the quest for the Orb.
     0 | D:1      | Reached XP level 1. HP: 10/10 MP: 4/4
    95 | D:1      | Reached skill level 5 in Summonings
   734 | D:1      | Reached XP level 2. HP: 15/15 MP: 1/6
   778 | D:1      | Learned a level 2 spell: Call Imp
  1954 | D:2      | Noticed Natasha
  1960 | D:2      | Slain by Natasha

Illustrated notes

Levels and vault maps discovered:
D:1:      lightli_arrival_statue_moat, layout_loops_corners
D:2:      layout_basic, roderic_lattice_a, kennysheep_crisscross, uniq_natasha

Skill      XL: |  1 |
---------------+----+-----
Summonings     | 5 |  5.7
Dodging        | |  2.1
Stealth        | |  2.0
Spellcasting   | |  2.0

Action                   || total
-------------------------++-------
Melee: Unarmed           ||    15
       Kick              ||     2
 Cast: Summon Small Mamm ||    29
       Call Imp          ||    24
 Stab: Distracted        ||     1
Armor: Robe              ||     3
Dodge: Dodged            ||    11

Table legend: (Time is in decaauts)
 A = Elapsed time spent in this place.
 B = Non-inter-level travel time spent in this place.
 C = Inter-level travel time spent in this place.
 D = Time resting spent in this place.
 E = Time spent auto-exploring this place.
 F = Levels seen in this place.
 G = Mean time per level.
                   A        B        C        D        E       F      G
               +--------+--------+--------+--------+--------+-----+--------+
         Total |   1961 |   1949 |     12 |    303 |   1408 |   2 |  980.5 |
       Dungeon |   1961 |   1949 |     12 |    303 |   1408 |   2 |  980.5 |
               +--------+--------+--------+--------+--------+-----+--------+

Top non-repeatable levels by time:
     D:1: 1701 daAuts
     D:2: 260 daAuts
